 Dungeon Crawl Stone Soup version 0.24.0-125-gc4c63601f3 (webtiles) character file.

Game seed: 18293472709452844755, levelgen mode: deterministic

101074 McKennaii the Impaler (level 15, -19/175 HPs)
             Began as a Demonspawn Fighter on Feb 23, 2020.
             Was the Champion of Makhleb.
             Demolished by a shambling mangrove (26 damage)
             ... on level 3 of the Swamp.
             The game lasted 01:23:57 (33749 turns).

McKennaii the Impaler (Demonspawn Fighter)         Turns: 33749, Time: 01:23:58

Health: -19/175    AC: 15    Str: 25    XL:     15   Next: 82%
Magic:  24/24      EV: 14    Int: 11    God:    Makhleb [******]
Gold:   702        SH: 18    Dex: 14    Spells: 14/14 levels left

rFire    + . .     SeeInvis .   v - +4 demon trident (venom)
rCold    + + +     Gourm    .   c - +0 shield
rNeg     + . .     Faith    .   Z - +1 ice dragon scales
rPois    .         Spirit   .   y - +0 helmet
rElec    .         Reflect  +   A - scarf {rC+ rF+}
rCorr    .         Harm     .   (gloves unavailable)
MR       +....                  (no boots)
Stlth    ..........             b - +5 amulet of reflection
HPRegen  0.39/turn              Q - ring of positive energy
MPRegen  0.19/turn              G - +4 ring of evasion

@: berserking, grasped by roots, constricted, very quick
A: claws 3, demonic guardian 1, fire resistance 1, nightstalker 1, sturdy frame
1
a: Minor Destruction, Lesser Servant of Makhleb, Major Destruction, Greater
Servant of Makhleb, Renounce Religion


You were on level 3 of the Swamp.
You worshipped Makhleb.
Makhleb was exalted by your worship.
You were very hungry.

You visited 4 branches of the dungeon, and saw 26 of its levels.

You collected 3073 gold pieces.
You spent 2371 gold pieces at shops.

Inventory:

Hand Weapons
 v - a +4 demon trident of venom (weapon)
Armour
 c - a +0 shield (worn)
 y - a +0 helmet (worn)
 A - a scarf of resistance (worn)
 Z - +1 ice dragon scales (worn)
Jewellery
 b - a +5 amulet of reflection (around neck)
 d - an uncursed ring of protection from fire
 z - a cursed ring of attention {unknown}
 G - a +4 ring of evasion (right claw)
 L - an uncursed ring of resist corrosion
 Q - a ring of positive energy (left claw)
Wands
 p - a wand of enslavement (9)
 s - a wand of paralysis (16)
 t - a wand of random effects (43)
 u - a wand of flame (16)
 w - a wand of digging (5)
 E - a wand of polymorph (15)
 M - a wand of iceblast (12)
 P - a wand of acid (9)
 V - a wand of disintegration (24)
Scrolls
 a - a scroll of blinking
 e - 2 scrolls of identify
 g - 8 scrolls of remove curse
 h - 6 scrolls of teleportation
 j - a scroll of acquirement
 k - 10 scrolls of magic mapping
 l - 2 scrolls of silence
 o - 2 scrolls of summoning {unknown}
 r - 5 scrolls of fear {unknown}
 D - a scroll of immolation {unknown}
 I - 6 scrolls of enchant armour {unknown}
 R - 2 scrolls of torment {unknown}
 U - 2 scrolls of noise {unknown}
 W - 2 scrolls of vulnerability {unknown}
 X - 2 scrolls of fog {unknown}
Potions
 i - a potion of invisibility
 m - 3 potions of haste
 n - 9 potions of brilliance
 q - 6 potions of flight
 x - 4 potions of might
 B - 6 potions of curing
 C - 2 potions of resistance {unknown}
 F - a potion of ambrosia
 H - a potion of magic {unknown}
 K - 4 potions of mutation
 S - 2 potions of agility
 T - 2 potions of cancellation {unknown}
 Y - a potion of experience {unknown}
Comestibles
 f - 40 rations


   Skills:
 + Level 10.5 Fighting
 * Level 15.8 Polearms
 + Level 9.4 Armour
 + Level 5.3 Dodging
 + Level 4.1 Stealth
 + Level 12.0 Shields
 + Level 13.3 Invocations
 + Level 1.2 Evocations


You had 14 spell levels left.
You didn't know any spells.
Your spell library contained the following spells:

 Spells                   Type           Power        Failure   Level  Hunger
 Animate Skeleton         Necr           N/A          67%         1    ##.....
 Apportation              Tloc           #.....       67%         1    ##.....
 Confusing Touch          Hex            #.....       67%         1    ##.....
 Flame Tongue             Conj/Fire      #....        67%         1    ##.....
 Magic Dart               Conj           #...         67%         1    ##.....
 Sting                    Conj/Pois      #...         67%         1    ##.....
 Summon Small Mammal      Summ           #...         67%         1    ##.....
 Blink                    Tloc           N/A          80%         2    ###....
 Call Imp                 Summ           #.......     80%         2    ###....
 Poisonous Vapours        Pois/Air       #.....       80%         2    ###....
 Slow                     Hex            #.......     80%         2    ###....
 Throw Flame              Conj/Fire      #.....       80%         2    ###....
 Conjure Flame            Conj/Fire      #.......     95%         3    ####...
 Inner Flame              Hex/Fire       #.......     95%         3    ####...
 Mephitic Cloud           Conj/Pois/Air  #.......     95%         3    ####...
 Olgreb's Toxic Radiance  Pois           #.......     100%        4    #####..
 Sticky Flame             Conj/Fire      #.......     100%        4    #####..
 Fireball                 Conj/Fire      #.........   100%        5    ######.
 Venom Bolt               Conj/Pois      #.........   100%        5    ######.


Dungeon Overview and Level Annotations

Branches:
Dungeon (15/15)            Temple (0/1) D:6            Lair (6/6) D:9
  Swamp (3/4) Lair:3       Spider (0/4) Lair:3        Slime (0/5) Lair:6
    Orc (2/2) D:10            Elf (0/3) Orc:2        Vaults (0/5) D:13
 Depths (0/5) D:15

Altars:
Ashenzari
Cheibriados
Elyvilon
Fedhas
Gozag
Kikubaaqudgha
Makhleb
Nemelex Xobeh
Okawaru
Qazlal
Trog
Vehumet
Yredelemnul
Zin
The Shining One
Beogh
Jiyva

Shops:
D:5 (   D:7 %=[*   D:9 [   D:12 }   Orc:2 ([*=


Innate Abilities, Weirdness & Mutations

You have claws for hands.
A weak demonic guardian rushes to your aid.
Your flesh is heat resistant. (rF+)
You are slightly more attuned to the shadows.
Your movements are slightly less encumbered by armour. (ER -2)


Message History

* * * LOW HITPOINT WARNING * * *
The tyrant leech draws strength from your injuries!
You hit the shambling mangrove.
The shambling mangrove is heavily damaged.
The shambling mangrove hits you!
* * * LOW HITPOINT WARNING * * *
x2 The grasping roots constrict you!
You puncture the shambling mangrove!
The shambling mangrove is heavily damaged.
Your neqoxec barely misses the shambling mangrove.
You block the tyrant leech's attack.
You puncture the shambling mangrove!
The shambling mangrove is severely damaged.
You impale the shambling mangrove!!
The shambling mangrove looks as sick as possible!
The shambling mangrove is almost destroyed.
Your neqoxec hits the shambling mangrove but does no damage.
Angry insects surge out from beneath the shambling mangrove's foliage!
The shambling mangrove hits you!!
You die...

♣♣♣♣ ♣♣♣...♣
♣♣♣♣♣♣≈.≈≈≈♣♣♣
♣♣...♣♣≈.≈≈≈.§≈
♣♣♣≈.≈≈♣♣..♣
≈.≈.≈≈≈....♣.≈≈
≈..≈≈≈≈.)≈.♣.≈≈
≈.≈≈!..3....≈≈≈
...≈≈w@fy♣≈(≈≈.
..≈≈...≈♣♣..≈≈♣♣
...≈♣..5y≈♣...§♣
♣♣♣♣♣.≈≈.♣♣♣..≈.
♣♣♣≈.≈.≈♣..≈≈≈
♣♣..♣§.≈≈..≈≈≈.
♣♣≈.........≈≈..♣
♣♣.....≈≈≈≈≈≈≈..≈♣♣ ♣
♣≈.≈≈≈≈≈≈≈≈≈≈≈≈≈♣≈♣♣♣.


You could see a shambling mangrove, a tyrant leech, 2 hornets, a friendly
neqoxec and a friendly iron imp.

Vanquished Creatures
  Gastronok (D:11)
  A stone giant (Orc:1)
  13 hydras
  3 ghost crabs
  A catoblepas (Lair:6)
  9 alligators
  A merfolk avatar (Lair:6)
  9 death yaks
  4 two-headed ogres
  A tengu warrior (D:11)
  2 centaur warriors (D:15)
  3 orc high priests (Orc:2)
  2 swamp dragons
  4 unseen horrors
  A lindwurm (Lair:4)
  A harpy (Lair:6)
  Pikel (D:5)
  4 orc knights
  4 oklob plants
  5 ugly things
  A deep elf mage (D:14)
  4 cyclopes
  4 orc sorcerers
  A manticore (D:15)
  2 centaur zombies
  Maurice (D:9)
  13 elephants
  A black mamba (Lair:6)
  14 spiny frogs
  2 kobold demonologists
  2 rime drakes
  5 komodo dragons
  8 tyrant leeches
  2 wind drakes (Lair:6)
  4 polar bears
  5 trolls
  A harpy skeleton (D:15)
  4 blink frogs
  A merfolk (D:15)
  3 slime creatures
  12 hornets
  9 hippogriffs
  Grinder (D:3)
  A bog body (Swamp:3)
  A meliai zombie (D:14)
  A centaur simulacrum (D:15)
  6 wraiths
  13 yaks
  5 spriggans
  A shadow (D:14)
  Sigmund (D:4)
  3 water elementals (D:15)
  A human (D:12)
  2 hogs (D:12)
  5 vampire mosquitoes (Swamp:1)
  2 basilisks
  A hungry ghost (D:15)
  11 swamp worms
  4 insubstantial wisps (Swamp:1)
  3 wargs (D:10)
  An acid dragon (D:13)
  7 porcupines
  11 water moccasins
  A slave (D:5)
  33 orc warriors
  5 swamp drakes (Swamp:2)
  A hornet zombie (D:13)
  5 ice beasts
  5 phantoms
  2 black bears
  2 necrophages
  2 sky beasts
  2 eyes of draining
  10 ogres
  5 wolves
  3 centaurs
  9 crocodiles
  4 big kobolds
  A gnoll sergeant (D:9)
  14 bullfrogs
  A wyvern zombie (D:14)
  2 scorpions
  11 killer bees
  4 wights (D:14)
  2 electric eels (D:15)
  3 howler monkeys
  4 bullfrog zombies
  9 crimson imps
  A quasit (D:15)
  2 jellies
  31 orc wizards
  Crazy Yiuf (D:5)
  A bullfrog skeleton (D:6)
  A gnoll shaman (D:6)
  19 orc priests
  12 hounds
  4 centaur skeletons
  Ijyb (D:4)
  6 iguanas
  Natasha (thrice) (D:3)
  8 worker ants
  A hound skeleton (D:4)
  10 gnolls
  14 adders
  7 shadow imps
  3 oozes
  2 adder zombies
  A worm (D:3)
  3 dart slugs
  3 leopard geckos
  83 orcs
  5 giant cockroaches
  5 goblins
  7 hobgoblins
  20 jackals
  13 kobolds
  6 quokkas
  A ball python (D:3)
  7 bats
  4 frilled lizards
  A jackal zombie (D:7)
  3 leopard gecko skeletons
  A leopard gecko zombie (D:7)
  6 rats
  5 fungi
  4 plants
695 creatures vanquished.

Vanquished Creatures (collateral kills)
  An orc warlord (Orc:2)
  An ettin (Orc:2)
  Josephine (Lair:6)
  2 hydras (Lair:3)
  2 tengu warriors
  2 centaur warriors
  2 dancing weapons (D:13)
  A two-headed ogre (D:10)
  3 death yaks (Lair:5)
  An orc high priest (Orc:2)
  An orc knight (D:11)
  An oklob plant (Lair:1)
  A slime creature (D:13)
  4 elephants
  A komodo dragon (D:14)
  A tengu conjurer (D:14)
  A hornet (Swamp:3)
  3 blink frogs
  2 spriggans (Swamp:3)
  6 yaks
  A warg (Orc:2)
  A water moccasin (Lair:6)
  5 orc warriors
  A necrophage (D:9)
  2 centaurs (D:11)
  A crocodile (Lair:6)
  A bullfrog (D:10)
  A scorpion (D:11)
  8 killer bees
  A quasit (D:11)
  3 orc priests (Orc:2)
  An orc wizard (Orc:2)
  7 orcs
  9 kobolds
79 creatures vanquished.

Vanquished Creatures (others)
  A deep elf archer (D:15)
  4 insubstantial wisps (Swamp:1)
  A swamp drake (Swamp:1)
  An orc warrior (Orc:2)
  4 centaurs
  3 orcs
  A fungus (Lair:2)
  11 plants
26 creatures vanquished.

Grand Total: 800 creatures vanquished

Notes
Turn   | Place    | Note
-------+----------+-------------------------------------------
     0 | D:1      | McKennaii the Demonspawn Fighter began the quest for the
                  | Orb.
     0 | D:1      | Reached XP level 1. HP: 18/18 MP: 1/1
    46 | D:1      | Reached skill level 2 in Polearms
    46 | D:1      | Gained mutation: You have sharp fingernails. [demonic
                  | ancestry]
    46 | D:1      | Reached XP level 2. HP: 18/24 MP: 2/2
   327 | D:1      | Reached XP level 3. HP: 29/29 MP: 3/3
  1097 | D:2      | Found a burning altar of Makhleb.
  1139 | D:2      | Became a worshipper of Makhleb the Destroyer
  1179 | D:2      | Reached skill level 3 in Polearms
  1179 | D:2      | Gained mutation: Your movements are slightly less
                  | encumbered by armour. (ER -2) [demonic ancestry]
  1179 | D:2      | Reached XP level 4. HP: 24/35 MP: 4/4
  1648 | D:2      | Found an opulent altar of Gozag.
  1648 | D:2      | Found a glowing silver altar of Zin.
  2070 | D:3      | Noticed Grinder
  2202 | D:2      | Reached * piety under Makhleb
  2250 | D:3      | Noticed Natasha
  2255 | D:3      | Killed Natasha
  2255 | D:3      | Reached XP level 5. HP: 41/41 MP: 5/5
  2351 | D:3      | Noticed Natasha
  2362 | D:3      | Killed Natasha
  2368 | D:3      | Noticed Natasha
  2385 | D:3      | Killed Natasha
  2385 | D:3      | Reached skill level 4 in Polearms
  2497 | D:3      | Paralysed by Grinder for 5 turns
  2514 | D:3      | Killed Grinder
  2514 | D:3      | Reached XP level 6. HP: 12/47 MP: 6/6
  2940 | D:4      | Reached skill level 1 in Dodging
  2945 | D:4      | Reached skill level 5 in Polearms
  2966 | D:4      | Noticed Ijyb
  2983 | D:4      | Killed Ijyb
  2983 | D:4      | Gained mutation: You have very sharp fingernails. [demonic
                  | ancestry]
  2983 | D:4      | Reached XP level 7. HP: 53/53 MP: 7/7
  3029 | D:4      | Found a white marble altar of Elyvilon.
  3031 | D:4      | Noticed Sigmund
  3043 | D:4      | Killed Sigmund
  3109 | D:4      | Reached skill level 6 in Polearms
  3214 | D:4      | Found a stormy altar of Qazlal.
  3434 | D:4      | Found a glowing golden altar of the Shining One.
  3655 | D:4      | You fall into a shaft and drop 2 floors!
  3825 | D:6      | Reached ** piety under Makhleb
  3892 | D:6      | Reached XP level 8. HP: 60/60 MP: 8/8
  3926 | D:5      | Entered Level 5 of the Dungeon
  3982 | D:5      | Reached skill level 7 in Polearms
  4113 | D:5      | Reached skill level 5 in Shields
  4154 | D:5      | Found a runed translucent door.
  4155 | D:5      | Noticed Crazy Yiuf
  4176 | D:5      | Killed Crazy Yiuf
  4319 | D:5      | Noticed Pikel
  4346 | D:5      | Killed Pikel
  4346 | D:5      | Reached skill level 8 in Polearms
  4447 | D:5      | Gained mutation: You are slightly more attuned to the
                  | shadows. [demonic ancestry]
  4447 | D:5      | Reached XP level 9. HP: 63/66 MP: 9/9
  4963 | D:5      | Found Vywkyra's Antique Weapon Shoppe.
  5718 | D:6      | Found a basalt altar of Yredelemnul.
  5769 | D:6      | Found a staircase to the Ecumenical Temple.
  6609 | D:7      | Found Hoalalea's Food Emporium.
  6681 | D:7      | Found Yteihy's Jewellery Emporium.
  6700 | D:7      | Reached skill level 5 in Fighting
  6700 | D:7      | Reached skill level 9 in Polearms
  6758 | D:7      | Reached *** piety under Makhleb
  7057 | D:7      | Found Momevyp's Assorted Antiques.
  7062 | D:7      | Bought a red potion for 18 gold pieces
  7062 | D:7      | Bought a scroll labeled OCRONE FUNUA for 20 gold pieces
  7062 | D:7      | Bought a scroll labeled TAOCIF VEHUHO for 20 gold pieces
  7062 | D:7      | Bought a scroll labeled ESHRITROSSU for 20 gold pieces
  7062 | D:7      | Bought a sedimented inky potion for 18 gold pieces
  7062 | D:7      | Found Vigiq's Armour Emporium.
  7487 | D:7      | Found a radiant altar of Vehumet.
  7489 | D:7      | Found an ancient bone altar of Kikubaaqudgha.
  7927 | D:8      | Found a bloodstained altar of Trog.
  7927 | D:8      | Found an iron altar of Okawaru.
  8503 | D:9      | Gained mutation: A weak demonic guardian rushes to your
                  | aid. [demonic ancestry]
  8503 | D:9      | Reached XP level 10. HP: 59/74 MP: 13/13
  8548 | D:9      | Found a staircase to the Lair.
  8712 | D:9      | Reached **** piety under Makhleb
  8714 | D:9      | Noticed Maurice
  8915 | D:9      | Killed Maurice
  8915 | D:9      | Reached skill level 10 in Polearms
  9181 | D:9      | Reached skill level 5 in Armour
  9563 | D:9      | Found Bidwif's Armour Shop.
  9651 | D:9      | Found a snail-covered altar of Cheibriados.
  9705 | D:9      | Found a shattered altar of Ashenzari.
  9797 | D:9      | Reached skill level 5 in Invocations
  9890 | D:10     | Entered Level 10 of the Dungeon
 10014 | D:10     | Found a staircase to the Orcish Mines.
 10078 | D:10     | Found a sparkling altar of Nemelex Xobeh.
 10231 | D:10     | Reached skill level 1 in Stealth
 10239 | D:10     | Reached ***** piety under Makhleb
 10420 | D:10     | Reached skill level 11 in Polearms
 10458 | D:10     | Noticed a two-headed ogre
 10478 | D:10     | Killed a two-headed ogre
 10670 | D:11     | Found an opulent altar of Gozag.
 10719 | D:11     | Reached XP level 11. HP: 81/81 MP: 15/15
 10796 | D:11     | Noticed an orc sorcerer
 10796 | D:11     | Noticed an orc knight
 10819 | D:11     | Noticed a two-headed ogre
 10833 | D:11     | Killed an orc knight
 10851 | D:11     | Killed a two-headed ogre
 10895 | D:11     | Killed an orc sorcerer
 11085 | D:11     | Noticed a tengu warrior
 11093 | D:11     | Noticed a tengu warrior
 11128 | D:11     | Killed a tengu warrior
 11128 | D:11     | Reached skill level 12 in Polearms
 11173 | D:11     | Killed a tengu warrior
 11312 | D:11     | Noticed Gastronok
 11601 | D:11     | Killed Gastronok
 11857 | D:12     | Found Dupasaamp's Gadget Boutique.
 11969 | D:12     | Noticed a white ugly thing
 12001 | D:12     | Killed a white ugly thing
 12082 | D:12     | Killed an unseen horror
 12082 | D:12     | Gained mutation: You have claws for hands. [demonic
                  | ancestry]
 12082 | D:12     | Reached XP level 12. HP: 69/89 MP: 18/18
 13712 | D:13     | Noticed a centaur warrior
 13721 | D:13     | Killed a centaur warrior
 13721 | D:13     | Reached skill level 13 in Polearms
 14607 | D:13     | Noticed a two-headed ogre
 14616 | D:13     | Killed a two-headed ogre
 14890 | D:13     | Found a gate to the Vaults.
 15343 | D:14     | Noticed a two-headed ogre
 15350 | D:14     | Killed a two-headed ogre
 15664 | D:14     | Noticed a tengu warrior
 15810 | D:14     | Found a basalt altar of Yredelemnul.
 16017 | D:14     | Killed a tengu warrior
 16209 | D:14     | Noticed a centaur warrior
 16213 | D:14     | Killed a centaur warrior
 16234 | D:15     | Entered Level 15 of the Dungeon
 16340 | D:15     | Reached skill level 10 in Invocations
 16360 | D:15     | Noticed a two-headed ogre
 16368 | D:15     | Killed a two-headed ogre
 16368 | D:15     | Reached XP level 13. HP: 94/94 MP: 20/20
 17038 | D:15     | Reached skill level 14 in Polearms
 17404 | D:15     | Noticed a dire elephant
 17437 | D:15     | HP: 2/95 [merfolk/boomerang (12)]
 18096 | D:15     | Found a staircase to the Depths.
 18727 | Lair:1   | Entered Level 1 of the Lair of Beasts
 20218 | Lair:2   | Found a blossoming altar of Fedhas.
 21191 | Lair:3   | Found a hole to the Spider Nest.
 22000 | Lair:3   | Found a staircase to the Swamp.
 22343 | Lair:4   | Reached skill level 10 in Shields
 22390 | Lair:4   | Reached XP level 14. HP: 102/106 MP: 22/22
 23807 | Lair:5   | Identified a scroll of acquirement
 24467 | Lair:6   | Entered Level 6 of the Lair of Beasts
 24498 | Lair:6   | Noticed Josephine
 25592 | Lair:6   | Killed Josephine
 26857 | Lair:6   | Got a pitted great sword
 26860 | Lair:6   | Identified the +9 great sword "Cishoment" {slice, rN+
                  | Str+4} (You found it on level 6 of the Lair of Beasts)
 27130 | Lair:6   | Reached skill level 15 in Polearms
 27165 | Lair:6   | Found a viscous altar of Jiyva.
 27166 | Lair:6   | Found a staircase to the Slime Pits.
 27562 | Orc:1    | Entered Level 1 of the Orcish Mines
 27649 | Orc:1    | Noticed a stone giant
 27685 | Orc:1    | Killed a stone giant
 27759 | Orc:1    | Found a roughly hewn altar of Beogh.
 28104 | Orc:2    | Entered Level 2 of the Orcish Mines
 28116 | Orc:2    | Found a staircase to the Elven Halls.
 28665 | Orc:2    | Gained mutation: Your flesh is heat resistant. (rF+)
                  | [demonic ancestry]
 28665 | Orc:2    | Reached XP level 15. HP: 111/114 MP: 24/24
 28697 | Orc:2    | Noticed an orc warlord
 28711 | Orc:2    | Reached skill level 1 in Evocations
 29718 | Orc:2    | Paralysed by an orc sorcerer for 2 turns
 29963 | Orc:2    | Found a roughly hewn altar of Beogh.
 30062 | Orc:2    | Killed an orc warlord
 30214 | Orc:2    | Found Vext's Antique Armour Shop.
 30215 | Orc:2    | Found Poinu's General Store.
 30215 | Orc:2    | Found Fygryrgh's Jewellery Shop.
 30215 | Orc:2    | Found Zeeqiub's Antique Weapon Boutique.
 30219 | Orc:2    | Bought a scroll of identify for 34 gold pieces
 30407 | Orc:2    | Bought a runed demon trident for 414 gold pieces
 30408 | Orc:2    | Bought shiny ice dragon scales for 1827 gold pieces
 30579 | Swamp:1  | Entered Level 1 of the Swamp
 30921 | Swamp:1  | Reached ****** piety under Makhleb
 30934 | Swamp:1  | HP: 1/115 [spriggan rider/+0 broad axe (35)]
 30948 | Swamp:1  | Reached skill level 10 in Fighting
 31807 | Swamp:1  | Reached skill level 5 in Dodging
 33746 | Swamp:3  | HP: 7/175 [shambling mangrove (16)]
 33749 | Swamp:3  | Demolished by a shambling mangrove

Levels and vault maps discovered:
D:1:      dpeg_arrival_tiny_k, layout_loops_corners, minmay_pentomino_q4
D:2:      layout_basic, grunt_temple_overflow_gold_and_silver,
          makhleb_grotto_becter
D:3:      layout_rooms, uniq_natasha, uniq_grinder
D:4:      layout_basic, tso_oasis_becter, old_standard_altar,
          nicolae_qazlal_general_emergency, uniq_sigmund, uniq_ijyb
D:5:      layout_rooms, serial_shops, shop, first_ration, uniq_pikel,
          uniq_crazy_yiuf_cottage
D:6:      layout_basic, lemuel_coloured_pillars_altar,
          minmay_temple_entry_butterflies
D:7:      layout_rooms, chequers_temple_overflow_statue_of_worship,
          serial_shops, shop, shop_fountains, nicolae_shop_window_shopping,
          nicolae_shop_crystal, corexii_item_surrounded_by_moat,
          nicolae_lava_and_water
D:8:      layout_gridville, grunt_temple_overflow_bloody_war
D:9:      layout_loops_ring, overflow_temple_1_default,
          nicolae_overflow_hidden_temple, lair_entry_dummy, serial_shops, shop,
          uniq_maurice
D:10:     layout_long_grid, minmay_orc_entry_guard_dogs, basic_altar
D:11:     layout_loops_ring, basic_altar, uniq_gastronok
D:12:     layout_rooms, serial_shops, nicolae_shop_waterfront, grunt_livestock
D:13:     layout_long_grid, erik_vaults_1, corner_web_ring
D:14:     layout_gridville, lemuel_round_altar
D:15:     hangedman_depths_entry_try_elsewhere_first, layout_basic,
          serial_bayou, serial_bayou_pond_c, serial_bayou_lagoon_b,
          serial_bayou_pond_e, serial_bayou_shore_b, kennysheep_pointless_box
Lair:1:   layout_hall_layers, minmay_lair_oklob_chamber
Lair:2:   layout_roguey, tgw_fedhas
Lair:3:   layout_chaotic_city, palyth_hydra_swamp_entry, spider_nest_entry_a,
          minivault_25, grunt_megastairs_2
Lair:4:   layout_cave_pods, st_stairs_10, minmay_lair_oklob_items
Lair:5:   layout_long_grid
Lair:6:   gammafunk_lair_ancient_temple, layout_big_grid, slime_altar_1,
          nicolae_volcano_entry_two_sided, uniq_josephine
Swamp:1:  layout_basic_swamp, hangedman_swamp_pad, swamp_pool1
Swamp:2:  layout_basic_swamp, hangedman_swamp_ruin_wall, swamp_pool3,
          nicolae_swamp_dense_foliage
Swamp:3:  layout_basic_swamp, evilmike_swamp_ruin_rubble_1
Orc:1:    layout_caves, lemuel_statue_altar
Orc:2:    st_orc_congregation, layout_caves, basic_altar, lightli_orcish_oven

Skill      XL: |  1  2  3  4  5  6  7  8  9 10 11 12 13 14 15 |
---------------+----------------------------------------------+-----
Polearms       | 2 3 4 5 6 8 9 11 12 13 14 15 | 15.8
Shields        | 3 4 5 6 7 8 9 10 11 12 | 12.0
Armour         | 3 4 5 6 7 8 9 |  9.4
Dodging        | 1 2 3 4 5 |  5.3
Fighting       | 4 5 6 7 8 9 10 | 10.5
Invocations    | 4 6 8 10 11 12 13 | 13.3
Stealth        | 1 2 3 4 |  4.1
Evocations     | 1 |  1.2

Action                   |  1- 3 |  4- 6 |  7- 9 | 10-12 | 13-15 || total
-------------------------+-------+-------+-------+-------+-------++-------
Melee: Trident           |   147 |   208 |   772 |  1216 |  2071 ||  4414
       Demon trident     |       |       |       |       |   441 ||   441
Invok: Lesser Servant of |       |       |       |    17 |    17 ||    34
Evoke: Wand              |       |       |       |     1 |    16 ||    17
  Use: Scroll            |     2 |     1 |     1 |     2 |    25 ||    31
       Potion            |       |     1 |     1 |     1 |    11 ||    14
 Stab: Sleeping          |     1 |       |       |       |     1 ||     2
       Distracted        |       |       |       |    12 |    18 ||    30
  Eat: Chunk             |     1 |     6 |    12 |    17 |    38 ||    74
       Ration            |       |       |     2 |     3 |     6 ||    11
Armor: Scale mail        |    12 |       |       |       |       ||    12
       Leather armour    |     2 |       |       |       |       ||     2
       Chain mail        |    39 |   115 |   174 |   169 |       ||   497
       Plate armour      |       |       |       |   207 |   462 ||   669
       Ice dragon scales |       |       |       |       |    88 ||    88
Dodge: Dodged            |    24 |    75 |   172 |   210 |   518 ||   999
Block: Shield            |    52 |   154 |   505 |   672 |  1251 ||  2634
       Reflection        |       |     1 |    13 |    24 |    34 ||    72
